| TOP OF THE 1ST |
|
Chicago (APP) Cubs batting - Pitching for Ogden Raptors : RHP Cory Fischer
|
|
Pitching: RHP Cory Fischer
|
|
|
Batting: RHB Randy Schmitt
|
0-0: Ball 1-0: Foul Ball, location: 2F 1-1: Ball 2-1: Called Strike 2-2: Foul Ball, location: 2F 2-2: Ball 3-2: Strikes out looking
|
|
Batting: RHB Tak-keung Chieu
|
0-0: Foul Ball, location: 2F 0-1: Ball 1-1: Ball 2-1: Ball 3-1: Foul Ball, location: 2F 3-2: Foul Ball, location: 2F 3-2: Base on Balls
|
|
Batting: RHB Jake Mitchell
|
0-0: Called Strike 0-1: Foul Ball, location: 2F 0-2: Foul Ball, location: 2F 0-2: Ball 1-2: Foul Ball, location: 2F 1-2: Foul Ball, location: 2F 1-2: Strikes out swinging
|
|
Batting: SHB Andrew Baron
|
0-0: Called Strike 0-1: Ball 1-1: Called Strike 1-2: Foul Ball, location: 2F 1-2: Ground out U3 (Groundball, 3, EV 100.0 MPH)
|
| Top of the 1st over - 0 runs, 0 hits, 0 errors, 1 left on base; Chicago (APP) 0 - Ogden 0 |
| BOTTOM OF THE 1ST |
|
Ogden Raptors batting - Pitching for Chicago (APP) Cubs : RHP Carlos Zavala
|
|
Pitching: RHP Carlos Zavala
|
|
|
Batting: SHB Darius Vinson
|
0-0: Ball 1-0: Foul Ball, location: 2F 1-1: Swinging Strike 1-2: Ball 2-2: Ball 3-2: Reached on error, E4 (Groundball, 4S, EV 62.5 MPH)
|
|
Batting: LHB Santiago Chavira
|
0-0: DOUBLE (Line Drive, 78XD, EV 103.1 MPH) Darius Vinson to third
|
|
Batting: LHB Mike Dickinson
|
0-0: Called Strike 0-1: Foul Ball, location: 2F 0-2: Ball Wild Pitch! Darius Vinson scores Santiago Chavira to third 1-2: Ball 2-2: Fly out, F9 (Line Drive, 9D, EV 92.5 MPH) Runner from 3rd tags up, SCORES, throw by RF
|
|
Batting: LHB Mitchell Casey
|
0-0: Ball 1-0: Swinging Strike 1-1: Ball 2-1: Ball 3-1: SOLO HOME RUN (Flyball, 7LD, EV 96.2 MPH), Distance : 366 ft
|
|
Batting: LHB Stephen Van Raalte
|
0-0: Ball 1-0: Foul Ball, location: 2F 1-1: Ball 2-1: Swinging Strike 2-2: Foul Ball, location: 2F 2-2: Strikes out swinging
|
|
Pitching: LHP Eddie Panagos
|
|
|
Batting: RHB Bob Magana
|
0-0: Foul Ball, location: 2F 0-1: Fly out, F9 (Flyball, 9D, EV 98.8 MPH)
|
| Bottom of the 1st over - 3 runs, 2 hits, 1 error, 0 left on base; Chicago (APP) 0 - Ogden 3 |
| TOP OF THE 2ND |
|
Chicago (APP) Cubs batting - Pitching for Ogden Raptors : RHP Cory Fischer
|
|
Batting: RHB Julio Arteaga
|
0-0: Foul Ball, location: 2F 0-1: Swinging Strike 0-2: Strikes out swinging
|
|
Batting: RHB Jake Newman
|
0-0: Foul Ball, location: 2F 0-1: Ball 1-1: Swinging Strike 1-2: Ball 2-2: Ball 3-2: Reached on error, E6 (Groundball, 6M, EV 104.4 MPH)
|
|
Batting: RHB Dwight Bean
|
0-0: Fly out, F8 (Flyball, 8LS, EV 86.9 MPH)
|
|
Batting: LHB Arnaldo Cardamenho
|
0-0: Ball 1-0: Called Strike 1-1: Ball 2-1: Ball 3-1: Swinging Strike 3-2: Strikes out swinging
|
| Top of the 2nd over - 0 runs, 0 hits, 1 error, 1 left on base; Chicago (APP) 0 - Ogden 3 |
| BOTTOM OF THE 2ND |
|
Ogden Raptors batting - Pitching for Chicago (APP) Cubs : LHP Eddie Panagos
|
|
Batting: RHB Charles Blatchford
|
0-0: Ball 1-0: Ball 2-0: Ball 3-0: Base on Balls
|
|
Batting: RHB Luis Hinostroza
|
0-0: Ball 1-0: Swinging Strike 1-1: Swinging Strike 1-2: Ball 2-2: Foul Ball, location: 2F 2-2: Ball 3-2: Base on Balls Charles Blatchford to second
|
|
Batting: SHB Josh Vaill
|
0-0: Ball 1-0: Grounds into double play, 4-6-3 (Groundball, 4, EV 100.6 MPH) Charles Blatchford to third
|
|
Batting: SHB Darius Vinson
|
0-0: Called Strike 0-1: Swinging Strike 0-2: DOUBLE (Line Drive, 8LXD, EV 103.8 MPH) Charles Blatchford scores
|
|
Pitching: RHP Ryan Masterson
|
|
|
Batting: LHB Santiago Chavira
|
0-0: Called Strike Darius Vinson steals 3rd base 0-1: Foul Ball, location: 2F 0-2: Fly out, F8 (Flyball, 78D, EV 105.6 MPH)
|
| Bottom of the 2nd over - 1 run, 1 hit, 0 errors, 1 left on base; Chicago (APP) 0 - Ogden 4 |
| TOP OF THE 3RD |
|
Chicago (APP) Cubs batting - Pitching for Ogden Raptors : RHP Cory Fischer
|
|
Batting: RHB Josh MacQueen
|
0-0: Ball 1-0: Ball 2-0: Called Strike 2-1: Called Strike 2-2: Ball 3-2: Foul Ball, location: 2F 3-2: Strikes out swinging
|
|
Batting: RHB Randy Schmitt
|
0-0: Ball 1-0: Ground out 6-3 (Groundball, 6S, EV 89.4 MPH)
|
|
Batting: RHB Tak-keung Chieu
|
0-0: Fly out, F8 (Line Drive, 8RM, EV 103.8 MPH)
|
| Top of the 3rd over - 0 runs, 0 hits, 0 errors, 0 left on base; Chicago (APP) 0 - Ogden 4 |
| BOTTOM OF THE 3RD |
|
Ogden Raptors batting - Pitching for Chicago (APP) Cubs : RHP Ryan Masterson
|
|
Batting: LHB Mike Dickinson
|
0-0: Foul Ball, location: 2F 0-1: Fly out, F6 (Popup, 6D, EV 55.6 MPH)
|
|
Batting: LHB Mitchell Casey
|
0-0: Ball 1-0: Called Strike 1-1: Hit by Pitch
|
|
Batting: LHB Stephen Van Raalte
|
0-0: Ball 1-0: Ball 2-0: Ball 3-0: Swinging Strike 3-1: Foul Ball, location: 2F 3-2: Foul Ball, location: 2F 3-2: Base on Balls Mitchell Casey to second
|
|
Batting: RHB Bob Magana
|
0-0: Called Strike 0-1: Ball 1-1: Ball 2-1: Foul Ball, location: 2F 2-2: Foul Ball, location: 2F 2-2: Strikes out looking
|
|
Pitching: RHP Rob Craft
|
|
|
Batting: RHB Charles Blatchford
|
0-0: Foul Ball, location: 2F 0-1: Ball 1-1: Ball 2-1: Called Strike 2-2: Ball Wild Pitch! Mitchell Casey to third Stephen Van Raalte to second 3-2: Base on Balls
|
|
Batting: RHB Luis Hinostroza
|
0-0: Ball 1-0: Called Strike 1-1: Fly out, F8 (Flyball, 8RD, EV 81.2 MPH)
|
| Bottom of the 3rd over - 0 runs, 0 hits, 0 errors, 3 left on base; Chicago (APP) 0 - Ogden 4 |
| TOP OF THE 4TH |
|
Chicago (APP) Cubs batting - Pitching for Ogden Raptors : RHP Cory Fischer
|
|
Batting: RHB Jake Mitchell
|
0-0: Swinging Strike 0-1: Ball 1-1: Ball 2-1: Ball 3-1: Base on Balls
|
|
Batting: SHB Andrew Baron
|
0-0: Ball 1-0: Called Strike 1-1: Foul Ball, location: 2F 1-2: Fly out, F9 (Flyball, 89S, EV 84.4 MPH)
|
|
Batting: RHB Julio Arteaga
|
0-0: Foul Ball, location: 2F 0-1: Ball 1-1: Fly out, F6 (Line Drive, 6, EV 70.6 MPH)
|
|
Batting: RHB Jake Newman
|
0-0: Foul Ball, location: 2F 0-1: Ball 1-1: Ball 2-1: Ball 3-1: Swinging Strike 3-2: Strikes out looking
|
| Top of the 4th over - 0 runs, 0 hits, 0 errors, 1 left on base; Chicago (APP) 0 - Ogden 4 |
| BOTTOM OF THE 4TH |
|
Ogden Raptors batting - Pitching for Chicago (APP) Cubs : RHP Rob Craft
|
|
Batting: SHB Josh Vaill
|
0-0: Ball 1-0: Foul Ball, location: 2F 1-1: Ball 2-1: Ball 3-1: SOLO HOME RUN (Flyball, 9D, EV 97.5 MPH), Distance : 372 ft
|
|
Batting: SHB Darius Vinson
|
0-0: Ball 1-0: Swinging Strike 1-1: Foul Ball, location: 2F 1-2: Ball 2-2: Ball 3-2: Base on Balls
|
|
Pitching: RHP Karl Stuart
|
|
|
Batting: LHB Santiago Chavira
|
0-0: Called Strike 0-1: Foul Ball, location: 2F 0-2: Strikes out swinging
|
|
Batting: LHB Mike Dickinson
|
0-0: Ball Darius Vinson steals 2nd base 1-0: Ball 2-0: Called Strike 2-1: Swinging Strike 2-2: Ball 3-2: Base on Balls
|
|
Batting: LHB Mitchell Casey
|
0-0: Ball 1-0: Called Strike 1-1: Ball 2-1: Ball 3-1: Foul Ball, location: 2F 3-2: 3-RUN HOME RUN (Flyball, 89XD, EV 101.9 MPH), Distance : 426 ft
|
|
Batting: LHB Stephen Van Raalte
|
0-0: Foul Ball, location: 2F 0-1: Ball 1-1: Ball 2-1: Called Strike 2-2: Foul Ball, location: 2F 2-2: Foul Ball, location: 2F 2-2: SOLO HOME RUN (Line Drive, 9D, EV 109.4 MPH), Distance : 420 ft
|
|
Batting: RHB Bob Magana
|
0-0: Swinging Strike 0-1: Foul Ball, location: 2F 0-2: Ball 1-2: Strikes out swinging
|
|
Batting: RHB Charles Blatchford
|
0-0: Ball 1-0: Ball 2-0: Ball 3-0: Called Strike 3-1: Base on Balls
|
|
Batting: RHB Luis Hinostroza
|
0-0: Ball 1-0: Called Strike 1-1: 2-RUN HOME RUN (Flyball, 7LD, EV 92.5 MPH), Distance : 347 ft
|
|
Pitching: RHP Dustin Buckner
|
|
|
Batting: SHB Josh Vaill
|
0-0: Ball 1-0: Ball 2-0: Ball 3-0: Called Strike 3-1: Base on Balls
|
|
Batting: SHB Darius Vinson
|
0-0: Ball 1-0: Ball 2-0: Ball 3-0: Called Strike 3-1: Called Strike 3-2: Foul Ball, location: 2F 3-2: Base on Balls Josh Vaill to second
|
|
Batting: LHB Santiago Chavira
|
0-0: Ball 1-0: Called Strike 1-1: Ball 2-1: Ball 3-1: Base on Balls Josh Vaill to third Darius Vinson to second
|
|
Batting: LHB Mike Dickinson
|
0-0: Called Strike 0-1: Called Strike 0-2: Foul Ball, location: 2F 0-2: SINGLE (Groundball, 3, EV 107.5 MPH) Josh Vaill scores Darius Vinson to third Santiago Chavira to second Runner from 3rd tries for Home, SAFE, throw by RF to trailing runner, OUT at third! 9-3-5
|
| Bottom of the 4th over - 9 runs, 5 hits, 0 errors, 1 left on base; Chicago (APP) 0 - Ogden 13 |
| TOP OF THE 5TH |
|
Chicago (APP) Cubs batting - Pitching for Ogden Raptors : RHP Cory Fischer
|
|
Batting: RHB Dwight Bean
|
0-0: Called Strike 0-1: Ball 1-1: Foul Ball, location: 2F 1-2: Strikes out swinging
|
|
Batting: LHB Arnaldo Cardamenho
|
0-0: Foul Ball, location: 2F 0-1: Ball 1-1: Called Strike 1-2: Foul Ball, location: 2F 1-2: Fly out, F7 (Flyball, 7LS, EV 87.5 MPH)
|
|
Batting: RHB Josh MacQueen
|
0-0: Ground out 6-3 (Groundball, 6, EV 103.1 MPH)
|
| Top of the 5th over - 0 runs, 0 hits, 0 errors, 0 left on base; Chicago (APP) 0 - Ogden 13 |
| BOTTOM OF THE 5TH |
|
Ogden Raptors batting - Pitching for Chicago (APP) Cubs : RHP Dustin Buckner
|
|
Batting: LHB Mitchell Casey
|
0-0: Ball 1-0: Swinging Strike 1-1: Ball 2-1: Ball 3-1: Base on Balls
|
|
Batting: LHB Stephen Van Raalte
|
0-0: Called Strike 0-1: Foul Ball, location: 2F 0-2: Foul Ball, location: 2F 0-2: Strikes out looking
|
|
Batting: RHB Bob Magana
|
0-0: Called Strike 0-1: Called Strike 0-2: Ball 1-2: Foul Ball, location: 2F 1-2: Ball 2-2: 2-RUN HOME RUN (Flyball, 78XD, EV 105.6 MPH), Distance : 439 ft
|
|
Batting: RHB Charles Blatchford
|
0-0: SOLO HOME RUN (Line Drive, 7D, EV 100.6 MPH), Distance : 400 ft
|
|
Batting: RHB Luis Hinostroza
|
0-0: Swinging Strike 0-1: Foul Ball, location: 2F 0-2: Ball 1-2: Ball 2-2: Foul Ball, location: 2F 2-2: Strikes out swinging
|
|
Batting: SHB Josh Vaill
|
0-0: Ball 1-0: Foul Ball, location: 2F 1-1: Hit by Pitch
|
|
Batting: SHB Darius Vinson
|
0-0: DOUBLE (Line Drive, 3D, EV 103.1 MPH) Josh Vaill to third
|
|
Batting: LHB Santiago Chavira
|
0-0: SINGLE (Groundball, 5S, EV 68.8 MPH) (infield hit) Josh Vaill scores Darius Vinson to third
|
|
Batting: LHB Mike Dickinson
|
0-0: SINGLE (Line Drive, 4M, EV 95.0 MPH) Darius Vinson scores Santiago Chavira to second
|
|
Batting: LHB Mitchell Casey
|
0-0: Ball 1-0: Ball 2-0: Foul Ball, location: 2F 2-1: Swinging Strike 2-2: Ball Wild Pitch! Santiago Chavira to third Mike Dickinson to second 3-2: Foul Ball, location: 2F 3-2: Foul Ball, location: 2F 3-2: Base on Balls
|
|
Batting: LHB Stephen Van Raalte
|
0-0: Foul Ball, location: 2F 0-1: Ball 1-1: Ball 2-1: Ball Wild Pitch! Santiago Chavira scores Mike Dickinson to third Mitchell Casey to second 3-1: Base on Balls
|
|
Batting: RHB Bob Magana
|
0-0: Foul Ball, location: 2F 0-1: Ball 1-1: Ball 2-1: Ball 3-1: Foul Ball, location: 2F 3-2: Base on Balls Mike Dickinson scores Mitchell Casey to third Stephen Van Raalte to second
|
|
Batting: RHB Charles Blatchford
|
0-0: Ball 1-0: Ball 2-0: Ball 3-0: Base on Balls Mitchell Casey scores Stephen Van Raalte to third Bob Magana to second
|
|
Batting: RHB Luis Hinostroza
|
0-0: Ball 1-0: Fly out, F3 (Popup, 3SF, EV 72.5 MPH)
|
| Bottom of the 5th over - 8 runs, 5 hits, 0 errors, 3 left on base; Chicago (APP) 0 - Ogden 21 |
| TOP OF THE 6TH |
|
Chicago (APP) Cubs batting - Pitching for Ogden Raptors : RHP Cory Fischer
|
|
Batting: RHB Randy Schmitt
|
0-0: Ball 1-0: Called Strike 1-1: Called Strike 1-2: Strikes out swinging
|
|
Batting: RHB Tak-keung Chieu
|
0-0: Swinging Strike 0-1: Ball 1-1: Foul Ball, location: 2F 1-2: Foul Ball, location: 2F 1-2: Ball 2-2: SINGLE (Groundball, 6MD, EV 101.2 MPH)
|
|
Batting: RHB Jake Mitchell
|
0-0: Called Strike 0-1: Foul Ball, location: 2F 0-2: Ball 1-2: Foul Ball, location: 2F 1-2: Ball 2-2: Ball 3-2: Base on Balls Tak-keung Chieu to second
|
|
Pitching: RHP Ian Wilson
|
|
|
Batting: SHB Andrew Baron
|
0-0: Swinging Strike 0-1: Called Strike 0-2: Ball Wild Pitch! Tak-keung Chieu to third Jake Mitchell to second 1-2: Ball 2-2: Strikes out looking
|
|
Batting: RHB Julio Arteaga
|
0-0: Foul Ball, location: 2F 0-1: Ball 1-1: Swinging Strike 1-2: Strikes out swinging
|
| Top of the 6th over - 0 runs, 1 hit, 0 errors, 2 left on base; Chicago (APP) 0 - Ogden 21 |
| BOTTOM OF THE 6TH |
|
Ogden Raptors batting - Pitching for Chicago (APP) Cubs : RHP Dustin Buckner
|
|
Batting: SHB Josh Vaill
|
0-0: Ball 1-0: Called Strike 1-1: Ball 2-1: Ball 3-1: Swinging Strike 3-2: Base on Balls
|
|
Batting: SHB Darius Vinson
|
0-0: SINGLE (Groundball, 4M, EV 103.8 MPH) (infield hit) Josh Vaill to second
|
|
Batting: LHB Santiago Chavira
|
0-0: Ball 1-0: Called Strike 1-1: Ball 2-1: Foul Ball, location: 2F 2-2: Foul Ball, location: 2F 2-2: Ball 3-2: Base on Balls Josh Vaill to third Darius Vinson to second
|
|
Batting: LHB Mike Dickinson
|
0-0: Fielders Choice at 2nd, 4-6 (Groundball, 34, EV 101.9 MPH) Josh Vaill scores Darius Vinson to third
|
|
Batting: LHB Mitchell Casey
|
0-0: Called Strike 0-1: Ball 1-1: Swinging Strike 1-2: Strikes out swinging
|
|
Batting: LHB Stephen Van Raalte
|
0-0: Ball 1-0: Called Strike 1-1: Ball 2-1: Ball 3-1: Called Strike 3-2: Foul Ball, location: 2F 3-2: Base on Balls Mike Dickinson to second
|
|
Batting: RHB Bob Magana
|
0-0: Reached on error, E6 (Groundball, 6, EV 81.2 MPH) Darius Vinson scores Mike Dickinson to third Stephen Van Raalte to second
|
|
Batting: RHB Charles Blatchford
|
0-0: Ground out 5-3 (Groundball, 56S, EV 67.5 MPH)
|
| Bottom of the 6th over - 2 runs, 1 hit, 1 error, 3 left on base; Chicago (APP) 0 - Ogden 23 |
| TOP OF THE 7TH |
|
Chicago (APP) Cubs batting - Pitching for Ogden Raptors : RHP Ian Wilson
|
|
Batting: RHB Jake Newman
|
0-0: Ball 1-0: Called Strike 1-1: Ball 2-1: Ground out 4-3 (Groundball, 4, EV 83.1 MPH)
|
|
Batting: RHB Dwight Bean
|
0-0: Called Strike 0-1: Foul Ball, location: 2F 0-2: Strikes out swinging
|
|
Batting: LHB Arnaldo Cardamenho
|
0-0: Ball 1-0: Called Strike 1-1: Called Strike 1-2: Ball 2-2: Strikes out swinging
|
| Top of the 7th over - 0 runs, 0 hits, 0 errors, 0 left on base; Chicago (APP) 0 - Ogden 23 |
| BOTTOM OF THE 7TH |
|
Ogden Raptors batting - Pitching for Chicago (APP) Cubs : RHP Dustin Buckner
|
|
Batting: RHB Luis Hinostroza
|
0-0: Called Strike 0-1: SOLO HOME RUN (Flyball, 78XD, EV 107.5 MPH), Distance : 417 ft
|
|
Batting: SHB Josh Vaill
|
0-0: Ball 1-0: Called Strike 1-1: SINGLE (Groundball, 6MD, EV 104.4 MPH)
|
|
Batting: SHB Darius Vinson
|
0-0: Ball 1-0: Fielders Choice at 2nd, 1-6 (Groundball, 13S, EV 76.2 MPH)
|
|
Batting: LHB Santiago Chavira
|
0-0: Foul Ball, location: 2F 0-1: Reached on error, E6 (Groundball, 6, EV 106.9 MPH) Darius Vinson to second
|
|
Batting: LHB Mike Dickinson
|
0-0: Fly out, F7 (Flyball, 7LD, EV 108.1 MPH) Runner from 2nd tags up, SAFE at 3rd, no throw by LF
|
|
Batting: LHB Mitchell Casey
|
0-0: Swinging Strike 0-1: Foul Ball, location: 2F 0-2: Strikes out swinging, 2-3 out at first.
|
| Bottom of the 7th over - 1 run, 2 hits, 1 error, 2 left on base; Chicago (APP) 0 - Ogden 24 |
| TOP OF THE 8TH |
|
Chicago (APP) Cubs batting - Pitching for Ogden Raptors : RHP Ian Wilson
|
|
Batting: RHB Josh MacQueen
|
0-0: Called Strike 0-1: Foul Ball, location: 2F 0-2: Ball 1-2: Strikes out swinging, 2-3 out at first.
|
|
Batting: RHB Randy Schmitt
|
0-0: Called Strike 0-1: Ball 1-1: Ball 2-1: Foul Ball, location: 2F 2-2: Ball 3-2: Foul Ball, location: 2F 3-2: Strikes out swinging
|
|
Batting: RHB Tak-keung Chieu
|
0-0: Ball 1-0: Foul Ball, location: 2F 1-1: Swinging Strike 1-2: Foul Ball, location: 2F 1-2: Foul Ball, location: 2F 1-2: Strikes out swinging
|
| Top of the 8th over - 0 runs, 0 hits, 0 errors, 0 left on base; Chicago (APP) 0 - Ogden 24 |
| TOP OF THE 9TH |
|
Chicago (APP) Cubs batting - Pitching for Ogden Raptors : RHP Ian Wilson
|
|
Batting: RHB Jake Mitchell
|
0-0: Called Strike 0-1: Foul Ball, location: 2F 0-2: Ball 1-2: Strikes out swinging
|
|
Batting: SHB Andrew Baron
|
0-0: Ball 1-0: Called Strike 1-1: Foul Ball, location: 2F 1-2: Foul Ball, location: 2F 1-2: Ball 2-2: Ball 3-2: Ground out 4-3 (Groundball, 4, EV 105.6 MPH)
|
|
Batting: RHB Julio Arteaga
|
0-0: Ball 1-0: Fly out, F8 (Flyball, 8LD, EV 101.9 MPH)
|
| Top of the 9th over - 0 runs, 0 hits, 0 errors, 0 left on base; Chicago (APP) 0 - Ogden 26 |
|